 Dungeon Crawl Stone Soup version 0.27.1-1-g398f81649c (webtiles) character file.

Game seed: 14954474833467195516

4686 MajorAdolf the Charlatan (level 10, 0/92 HPs)
             Began as a Naga Wanderer on Sept 18, 2021.
             Was an Initiate of Gozag.
             Slain by Harold (18 damage)
             ... on level 8 of the Dungeon.
             The game lasted 00:23:18 (16845 turns).

MajorAdolf the Charlatan (Naga Wanderer)           Turns: 16845, Time: 00:23:18

Health: 0/92       AC: 13    Str: 25    XL:     10   Next: 44%
Magic:  13/13      EV: 10    Int: 13    God:    Gozag
Gold:   318        SH:  0    Dex: 12    Spells: 13/13 levels left

rFire    . . .     SeeInvis +   L - +2 whip (venom)
rCold    . . .     Faith    .   (no shield)
rNeg     . . .     Spirit   .   c - +2 scale mail
rPois    +         Reflect  .   j - +0 helmet
rElec    .         Harm     .   C - +0 cloak
rCorr    .         Rampage  .   k - +0 pair of gloves
Will     +....                  (no barding)
Stlth    ..........             (no amulet)
HPRegen  0.25/turn              t - ring of Otuci {Str+6 Int+3}
MPRegen  0.13/turn              (no ring)

@: gold aura, very slow
A: AC +3, large, see invisible, deformed body, poison resistance, slowness 2,
spit poison 1, naga tail 1
a: Spit Poison, Renounce Religion, Potion Petition, Call Merchant, Bribe Branch


You were on level 8 of the Dungeon.
You worshipped Gozag.
Gozag was aware of your devotion.
You visited 2 branches of the dungeon, and saw 10 of its levels.

You collected 400 gold pieces.
You paid 82 gold pieces to Gozag.

Inventory:

Hand Weapons
 a - a +0 club
 h - a +1 whip of draining
 L - a +2 whip of venom (weapon)
 M - the +9 rapier "Hellblazer" {freeze, rPois rN+ Will- Dex+10}
   (You found it on level 8 of the Dungeon)

   It freezes those it strikes, dealing additional cold damage.
   It can also slow down cold-blooded creatures.
   Dex:       It affects your dexterity (+10).
   rPois:     It protects you from poison.
   rN:        It protects you from negative energy.
   Will:      It decreases your willpower.
Missiles
 e - 129 stones
 v - 25 poisoned darts
 H - a throwing net
Armour
 c - a +2 scale mail (worn)
 d - a +0 scale mail of cold resistance
 j - a +0 helmet (worn)
 k - a +0 pair of gloves (worn)
 y - a +1 robe of the Archmagi
 C - a +0 cloak (worn)
Magical Staves
 q - a staff of poison
 K - a staff of fire
Jewellery
 t - the ring of Otuci (left hand) {Str+6 Int+3}
   (You found it on level 4 of the Dungeon)

   [ring of strength]

   Str:       It affects your strength (+6).
   Int:       It affects your intelligence (+3).
 x - a +6 ring of strength
 J - a ring of ice
Wands
 p - a wand of flame (15)
 F - a wand of iceblast (15)
Scrolls
 g - a scroll of amnesia
 m - 2 scrolls of blinking
 o - 4 scrolls of identify
 r - a scroll of enchant weapon {unknown}
 w - 2 scrolls of torment
 A - a scroll of teleportation {unknown}
 B - a scroll of acquirement {unknown}
 D - a scroll of immolation {unknown}
 G - a scroll of enchant armour {unknown}
Potions
 f - 2 potions of attraction {unknown}
 i - 2 potions of berserk rage {unknown}
 l - 2 potions of mutation {unknown}
 n - 3 potions of heal wounds {unknown}
 s - a potion of lignification {unknown}
 u - 2 potions of flight {unknown}
 z - a potion of brilliance {unknown}
 E - 3 potions of curing {unknown}
 I - a potion of invisibility {unknown}
Miscellaneous
 b - a piece from Xom's chessboard (1/15) (quivered)


   Skills:
 + Level 6.8 Fighting
 + Level 6.6 Maces & Flails
 - Level 1.0 Throwing
 + Level 6.3 Armour
 + Level 5.3 Dodging
 - Level 2.0 Spellcasting
 - Level 1.0 Transmutations
 + Level 6.9 Evocations


You had 13 spell levels left.
You didn't know any spells.
Your spell library contained the following spells:

 Spells                   Type           Power      Damage    Failure   Level
 Freeze                   Ice            4%         1d3       50%         1
 Frozen Ramparts          Ice            2%         1d2       86%         3
 Hailstorm                Conj/Ice       1%         3d3       99%         4


Dungeon Overview and Level Annotations

Branches:
Dungeon (9/15)             Temple (1/1) D:7
   Lair: D:8-11         Orc: D:9-12

Altars:
Ashenzari
Cheibriados
Dithmenos
Elyvilon
Fedhas
Gozag
Hepliaklqana
Kikubaaqudgha
Makhleb
Nemelex Xobeh
Okawaru
Qazlal
Ru
Sif Muna
Trog
Uskayaw
Vehumet
Wu Jian
Xom
Yredelemnul
Zin
The Shining One

Shops:
D:4 *

Annotations:
D:3 3 runed translucent doors, Discosetron's ghost, amateur DjIE; Nanban's ghost, weakling OgMo
D:7 2 runed translucent doors, Neebert's ghost, amateur MiMo
D:8 Harold


Innate Abilities, Weirdness & Mutations

Your serpentine skin is tough. (AC +3)
You have supernaturally acute eyesight. (SInv)
Armour fits poorly on your strangely shaped body.
Your system is resistant to poisons. (rPois)
You cover ground very slowly.
You can spit poison.
You have a snake-like lower body.


Message History

You hit Harold.
Harold looks as sick as possible!
Harold is lightly wounded.
The orc wizard gestures wildly while chanting.
The orc wizard flickers and vanishes for a moment.
The orc wizard casts a spell.
The orc wizard flickers and vanishes for a moment.
Harold hits you with a +2 battleaxe of flaming.
Harold burns you.
You barely miss Harold.
Harold is lightly wounded.
The sentinel's mark upon you fades away.
Harold says, "Bounty hunting has been great, but I can't wait to retire."
Harold barely misses you.
An orc comes into view. It is wielding a +0 club.
You hit Harold but do no damage.
Harold looks as sick as possible!
Harold is lightly wounded.
Harold barely misses you.
Unknown command.
You hit Harold.
Harold looks as sick as possible!
Harold is moderately wounded.
You whack Harold!
Harold looks as sick as possible!
Harold is moderately wounded.
Harold hits you with a +2 battleaxe of flaming!!
Harold burns you!
An orc comes into view. It is wielding a +0 dagger.
Unknown command.
You whack Harold!
Harold looks as sick as possible!
Harold is heavily wounded.
Harold hits you with a +2 battleaxe of flaming!
* * * LOW HITPOINT WARNING * * *
Harold burns you.
* * * LOW HITPOINT WARNING * * *
Unknown command.
Okay, then.
Okay, then.
Okay, then.
You make a move on Xom's chessboard...
The orc seems to slow down.
Harold hits you with a +2 battleaxe of flaming!!
You die...
Your body crumbles into a pile of gold.

#.######...##.#
#. #.####
##.###.# #.
#....# #.# #.#
#. ####.# #.#
#.# #. #.# #.#
#.. .. #.# #.#
... #.####.#
.## #......# ..
#@###### #@#
#o# #o# #o. #>#
#o# ##.# #..


You could see Harold (extremely poisoned), 2 orc wizards and 2 orcs.

Vanquished Creatures
  Pikel (D:4)
  Sigmund (D:4)
  A wraith (D:6)
  2 wyverns
  An acid dragon (D:9)
  2 water moccasins
  2 orc warriors (D:7)
  A black bear (D:5)
  3 ice beasts
  A necrophage (D:5)
  2 ogres (D:5)
  A lemure (D:3)
  2 phantoms
  A kobold brigand (D:8)
  4 bullfrogs
  2 scorpions
  A gnoll sergeant (D:3)
  A wyvern zombie (D:8)
  13 killer bees
  3 wights (D:7)
  2 howler monkeys
  A bullfrog zombie (D:5)
  2 orc priests
  2 bullfrog skeletons (D:5)
  A hound (D:6)
  A jelly (D:5)
  A centaur skeleton (D:7)
  5 iguanas
  3 orc wizards (D:5)
  A hound zombie (D:5)
  Robin (D:1)
  A howler monkey skeleton (D:6)
  9 adders
  18 gnolls
  3 shadow imps
  3 white imps
  2 ufetubi
  2 worms
  2 dart slugs
  21 orcs
  11 ball pythons
  7 endoplasms
  4 giant cockroaches
  17 goblins
  13 hobgoblins
  13 jackals
  3 quokkas
  7 bats
  9 frilled lizards
  12 kobolds
  A quokka skeleton (D:4)
  4 rats
227 creatures vanquished.

Vanquished Creatures (collateral kills)
  A hornet zombie (D:6)
  A bullfrog skeleton (D:6)
  An orc (D:6)
3 creatures vanquished.

Vanquished Creatures (others)
  49 fungi (D:9)
  46 plants (D:9)
  3 withered plants (D:2)
98 creatures vanquished.

Grand Total: 328 creatures vanquished

Notes
Turn   | Place    | Note
-------+----------+-------------------------------------------
     0 | D:1      | MajorAdolf the Naga Wanderer began the quest for the Orb.
     0 | D:1      | MajorAdolf set off with the following items: a +0 club, a
                  | piece from Xom's chessboard (15/15), a +2 scale mail
     0 | D:1      | Reached XP level 1. HP: 15/15 MP: 3/3
   296 | D:1      | Reached XP level 2. HP: 24/24 MP: 5/5
   358 | D:1      | Reached skill level 1 in Fighting
   861 | D:1      | HP: 1/25 [quokka (2)]
   868 | D:1      | Reached XP level 3. HP: 2/31 MP: 6/6
  2277 | D:2      | Noticed Robin
  2384 | D:1      | Reached XP level 4. HP: 34/39 MP: 7/7
  2438 | D:1      | Killed Robin
  2706 | D:2      | Found a faded altar of an unknown god.
  2946 | D:2      | Reached XP level 5. HP: 43/45 MP: 8/8
  2968 | D:2      | Reached skill level 1 in Dodging
  3051 | D:2      | Found a bloodstained altar of Trog.
  3976 | D:3      | Noticed Discosetron's ghost (amateur DjIE)
  3976 | D:3      | Noticed Nanban's ghost (weakling OgMo)
  3977 | D:3      | Found a runed translucent gate.
  3977 | D:3      | Found a runed translucent gate.
  3977 | D:3      | Found a runed translucent gate.
  4291 | D:2      | Reached XP level 6. HP: 53/55 MP: 9/9
  5492 | D:4      | Noticed Pikel
  6289 | D:4      | Identified the ring of Otuci {Str+6 Int+3}
  6642 | D:4      | Found a stormy altar of Qazlal.
  8595 | D:4      | Killed Pikel
  8596 | D:4      | Reached XP level 7. HP: 24/64 MP: 10/10
  8596 | D:4      | Reached XP level 8. HP: 27/72 MP: 11/11
  9023 | D:4      | Found Fomum's Assorted Antiques.
  9071 | D:4      | Noticed Sigmund
  9095 | D:4      | Killed Sigmund
  9784 | D:5      | Entered Level 5 of the Dungeon
 10656 | D:5      | Reached skill level 5 in Evocations
 10748 | D:5      | Reached skill level 5 in Fighting
 10748 | D:5      | Reached skill level 5 in Armour
 10808 | D:5      | Reached XP level 9. HP: 73/81 MP: 12/12
 10941 | D:5      | Reached skill level 5 in Maces & Flails
 14419 | D:7      | Reached XP level 10. HP: 55/91 MP: 13/13
 14565 | D:7      | Found a staircase to the Ecumenical Temple.
 14891 | D:7      | Reached skill level 5 in Dodging
 15078 | D:7      | Found a large runed translucent door.
 15079 | D:7      | Found a large runed translucent door.
 15080 | D:7      | Noticed Neebert's ghost (amateur MiMo)
 15342 | Temple   | Entered the Ecumenical Temple
 15592 | Temple   | Became a worshipper of Gozag Ym Sagoz the Greedy
 15964 | D:8      | Noticed Harold
 16468 | D:8      | Identified the +9 rapier "Hellblazer" {freeze, rPois rN+
                  | Will- Dex+10}
 16845 | D:8      | Slain by Harold

Illustrated notes

Levels and vault maps discovered:
D:1:      amcnicky_arrival_blooded_trapdoor, layout_basic,
          chequers_serial_rivers_large_b, minmay_surrounded
D:2:      layout_basic, shapermc_ecumenical_altar_flowoftime, basic_altar,
          uniq_robin
D:3:      layout_loops_corners, gammafunk_ghost_cemetery
D:4:      layout_layer_cave, mainiacjoe_overflow_concentric_impassable,
          serial_shops, nicolae_lakefront_shop, uniq_pikel, uniq_sigmund
D:5:      layout_loops_ring, grunt_ministairs_7
D:6:      layout_rooms
D:7:      layout_rooms, minmay_temple_entry_trees, ebering_ghost_disaster_area
D:8:      layout_loops_ring, water_boxes_lemuel, uniq_harold
D:9:      layout_long_grid, due_lair_maze_entry_diamond,
          ebering_ghost_reflecting_pool, chequers_serial_rivers_micro_d
Temple:   nicolae_temple_the_god_donut

Skill      XL: |  1  2  3  4  5  6  7  8  9 10 |
---------------+-------------------------------+-----
Fighting       | 1 2 4 5 6 |  6.8
Armour         | 3 4 5 6 |  6.3
Evocations     | 2 4 5 6 |  6.9
Dodging        | 1 2 3 4 5 |  5.3
Maces & Flails | 3 4 6 |  6.6
Throwing       | |  1.0
Spellcasting   | |  2.0
Transmutations | |  1.0

Action                   |  1- 3 |  4- 6 |  7- 9 | 10-12 || total
-------------------------+-------+-------+-------+-------++-------
Melee: Club              |    47 |       |       |       ||    47
       Whip              |    49 |   245 |   472 |   194 ||   960
 Abil: Spit Poison       |    35 |    26 |    23 |    12 ||    96
Evoke: Piece from Xom's  |     7 |     6 |    13 |     5 ||    31
       Wand              |       |     3 |     5 |       ||     8
  Use: Scroll            |       |       |     4 |       ||     4
 Stab: Sleeping          |     1 |       |       |       ||     1
       Paralysed         |       |     5 |       |       ||     5
       Petrified         |       |       |    19 |     5 ||    24
       Petrifying        |       |       |     1 |       ||     1
       Confused          |       |       |       |     3 ||     3
Armor: Scale mail        |    87 |   180 |   297 |    74 ||   638
Dodge: Dodged            |    63 |   117 |   244 |    87 ||   511
